 Dungeon Crawl Stone Soup version 0.29.0-4-gdea44cf6ec (webtiles) character file.

Game seed: 6600345005998323580

16 qw the Chopper (level 2, -2/17 HPs)
             Began as a Tengu Warper on Aug 28, 2022.
             Slain by a quokka (3 damage)
             ... on level 1 of the Dungeon.
             The game lasted 00:00:02 (392 turns).

qw the Chopper (Tengu Warper)                        Turns: 392, Time: 00:00:03

Health: -2/17      AC:  3    Str: 11    XL:     2   Next: 54%
Magic:  6/6        EV: 11    Int: 13    God:
Gold:   8          SH:  0    Dex: 13    Spells: 5/5 levels left

rFire   . . .      SeeInvis .   a - +0 hand axe
rCold   . . .      Faith    .   (no shield)
rNeg    . . .      Spirit   .   b - +0 leather armour
rPois   .          Reflect  .   (helmet restricted)
rElec   .          Harm     .   (no cloak)
rCorr   .          Rampage  .   (no gloves)
Will    .....                   (boots unavailable)
Stlth   +.........              (no amulet)
HPRegen 0.05/turn               (no ring)
MPRegen 0.10/turn               (no ring)

@: no status effects
A: beak, talons 3
a: no special abilities


You were on level 1 of the Dungeon.
You visited 1 branch of the dungeon, and saw 1 of its levels.

You collected 8 gold pieces.


Innate Abilities, Weirdness & Mutations

You have a beak for a mouth.
You have claws for feet.


   Skills:
 - Level 2.0 Fighting
 + Level 3.4 Axes
 - Level 1.0 Throwing
 - Level 1.1 Armour
 - Level 2.1 Dodging
 - Level 2.0 Spellcasting
 - Level 2.4 Translocations


You had 5 spell levels left.
You didn't know any spells.
Your spell library contained the following spells:

 Spells                   Type           Power      Damage    Failure   Level
 Blink                    Tloc           14%        N/A       19%         2
 Gell's Gravitas          Tloc           7%         N/A       36%         3
 Lesser Beckoning         Tloc           7%         N/A       36%         3
 Teleport Other           Tloc           7%         N/A       36%         3
 Manifold Assault         Tloc           7%         N/A       98%         5

Inventory:

Hand Weapons
 a - a +0 hand axe (weapon)
 e - a +0 club
Armour
 b - a +0 leather armour (worn)
Jewellery
 f - a ring of positive energy
Scrolls
 c - a scroll of blinking
 g - a scroll of poison {unknown}
 h - a scroll of teleportation {unknown}
Potions
 d - a potion of brilliance {unknown}

Dungeon Overview and Level Annotations

Branches:
Dungeon (1/15)

Altars:


Message History

The jackal is almost dead.
You hit the bat.
You kill the bat!
The jackal bites you.
The ball python bites you but does no damage.
The ball python barely misses you. The jackal barely misses you.
You barely miss the jackal. Your kick misses the jackal.
Your peck misses the jackal.
The jackal is almost dead.
You hit the ball python. The ball python completely misses you.
The ball python closely misses you.
The jackal bites you but does no damage.
You hit the jackal but do no damage. You claw the jackal.
You kill the jackal!
You hit the ball python but do no damage.
The ball python barely misses you. The ball python grabs you.
The ball python constricts you.
The kobold throws a stone.
The stone closely misses you. The ball python bites you.
The ball python constricts you.
You barely miss the ball python.
The ball python is severely wounded.
You hit the quokka. The quokka bites you.
The ball python bites you but does no damage.
The ball python constricts you.
You hit the ball python.
You kill the ball python!
You closely miss the quokka. The quokka barely misses you.
The kobold throws a stone.
The stone barely misses you.
You barely miss the quokka. Your peck misses the quokka.
The quokka is moderately wounded.
You hit the kobold. The quokka barely misses you. The kobold barely misses you.
The quokka barely misses you.
You barely miss the quokka.
The quokka is moderately wounded.
You barely miss the kobold. The kobold closely misses you.
The quokka bites you.
You die...

##############
.............#
######...........#
#.............##.#
#@####.####...##.#
#rK.......#.#.##.#
#K.###.##......#.#
............#......
#..####.#.#_#.....
.... ...#..#...###
...###.........# #
.... ..........# #
#########... .


You could see a quokka and 2 kobolds.

Vanquished Creatures
  2 ball pythons (D:1)
  An endoplasm (D:1)
  A goblin (D:1)
  2 hobgoblins (D:1)
  4 jackals (D:1)
  A quokka (D:1)
  2 bats (D:1)
13 creatures vanquished.

Notes
Turn   | Place    | Note
-------+----------+-------------------------------------------
     0 | D:1      | qw the Tengu Warper began the quest for the Orb.
     0 | D:1      | Reached XP level 1. HP: 12/12 MP: 4/4
     0 | D:1      | 0 ||| qw: Version: 0.1-a-89-g26bdef1
     0 | D:1      | 0 ||| qw: Game counter: 845
     0 | D:1      | 0 ||| qw: Always use a shield: true
     0 | D:1      | 0 ||| qw: God list: Okawaru
     0 | D:1      | 0 ||| qw: Allow faded altars: false
     0 | D:1      | 0 ||| qw: Do Orc after D:15 true
     0 | D:1      | 0 ||| qw: Do second Lair branch before Depths: true
     0 | D:1      | 0 ||| qw: Lair rune preference: random
     0 | D:1      | 0 ||| qw: Plans: Normal
     0 | D:1      | 0 ||| PLANNING D:1-11
    29 | D:1      | HP: 1/12 [hobgoblin (4)]
    61 | D:1      | Reached skill level 3 in Axes
    61 | D:1      | Reached XP level 2. HP: 3/17 MP: 6/6
   328 | D:1      | Found a faded altar of an unknown god.
   356 | D:1      | 356 ||| Stepping ~*~*~tactically~*~*~ (stealth).
   358 | D:1      | 358 ||| Stepping ~*~*~tactically~*~*~ (stealth).
   389 | D:1      | HP: 2/17 [quokka (3)]
   392 | D:1      | Slain by a quokka

Levels and vault maps discovered:
D:1:      nzn_arrival_crosshair, layout_loops_ring,
          chequers_ecumenical_altar_simple, chequers_serial_rivers_marsh

Skill      XL: |  1 |
---------------+----+-----
Axes           | 3 |  3.4
Fighting       | |  2.0
Throwing       | |  1.0
Armour         | |  1.1
Dodging        | |  2.1
Spellcasting   | |  2.0
Translocations | |  2.4

Action                   || total
-------------------------++-------
Melee: Hand axe          ||    35
       Kick              ||    10
       Peck              ||     2
Throw: Boomerang         ||     7
Armor: Leather armour    ||    11
Dodge: Dodged            ||    33

Table legend:
 A = Non-vault XP
 B = Vault XP
 C = Vault XP percentage of total XP
 D = Non-vault monster count
 E = Vault monster count
 F = Vault count percentage of total count
                 A         B        C        D         E       F
            +---------+---------+-------+---------+---------+-------
      Total |      23 |       0 |   0.0 |      13 |       0 |   0.0
            +---------+---------+-------+---------+---------+-------
        D:1 |      23 |       0 |   0.0 |      13 |       0 |   0.0
            +---------+---------+-------+---------+---------+-------
